 Dungeon Crawl Stone Soup version 0.16-a0-3228-ge148b08 (webtiles) character file.

81 GlassGo the Digger (level 4, 0/27 HPs)
             Began as an Octopode Earth Elementalist on Dec 22, 2014.
             Slain by an orc
             ... wielding a +0 whip
              (2 damage)
             ... on level 3 of the Dungeon.
             The game lasted 00:13:32 (2427 turns).

GlassGo the Digger (Octopode Earth Elementalist)    Turns: 2427, Time: 00:13:32

Health: 0/27       AC:  1    Str:  8    XL:     4   Next: 40%
Magic:  7/7        EV: 12    Int: 17    God:
Gold:   65         SH:  0    Dex: 12    Spells: 1 memorised, 6 levels left

rFire  . . .     SeeInvis .     e - +2 dagger (holy)
rCold  . . .     Clarity  .     (no shield)
rNeg   . . .     SustAb   .     (helmet restricted)
rPois  .         Gourm    .     (no amulet)
rElec  .         Spirit   .     (no ring)
rCorr  .         Warding  .     (no ring)
rMut   .         Stasis   .     (no ring)
MR     .....                    (no ring)
Stlth  +++.......               (no ring)
                                (no ring)
                                (no ring)
                                (no ring)

@: very slightly contaminated, hasted, very quick, not resistant to hostile
enchantments, fairly stealthy
A: almost no armour, amphibious, 8 rings, constrict 8, camouflage 1, gelatinous
body 1
a: no special abilities


You were on level 3 of the Dungeon.
You were hungry.

You visited 1 branch of the dungeon, and saw 3 of its levels.

You collected 65 gold pieces.

Inventory:

Hand weapons
 e - a +2 dagger of holy wrath (weapon)
 s - a +0 hunting sling
Missiles
 b - 25 stones (quivered)
 m - 4 sling bullets of frost
 t - 8 needles of confusion
Jewellery
 q - an uncursed ring of fire
Scrolls
 g - a scroll of recharging {unknown}
 h - a scroll of teleportation {unknown}
 i - 4 scrolls of identify {unknown}
 l - a scroll of amnesia {unknown}
 n - a scroll of remove curse {unknown}
 o - a scroll of enchant weapon {unknown}
 r - a scroll of random uselessness {unknown}
Potions
 c - a potion of restore abilities {unknown}
 f - a potion of might {unknown}
 j - a potion of brilliance {unknown}
 k - a potion of haste
Books
 d - a book of Geomancy

   Spells                             Type                      Level
   a - Sandblast                      Earth                        1
   b - Stoneskin                      Transmutation/Earth          2
   c - Passwall                       Transmutation/Earth          3
   d - Stone Arrow                    Conjuration/Earth            3
   e - Petrify                        Transmutation/Earth          4
   f - Lee's Rapid Deconstruction     Earth                        5
Comestibles
 a - a bread ration


   Skills:
 - Level 2.0 Dodging
 - Level 2.6 Stealth
 - Level 2.0 Spellcasting
   Level 1.0 Transmutations
 * Level 5.1 Earth Magic


You had 6 spell levels left.
You knew the following spells:

 Your Spells              Type           Power        Failure   Level  Hunger
a - Sandblast             Erth           ###...       2%          1    #......


Dungeon Overview and Level Annotations

Branches:
Dungeon (3/15)

Altars:
Okawaru
Qazlal

Annotations:
D:2 Jessica


Innate Abilities, Weirdness & Mutations

You cannot wear most types of armour.
You are amphibious.
You can wear up to eight rings at the same time.
You can use your tentacles to constrict many enemies at once.
Your skin changes colour to match your surroundings (Stealth).
Your rubbery body absorbs attacks (AC +1).


Message History

The orc hits you with a whip. The kobold closely misses you.
You hit the kobold but do no damage. Your grab misses the kobold.
Your squeeze misses the kobold.
The kobold is severely wounded.
The orc misses you. The kobold barely misses you.
You barely miss the kobold. You grab the kobold.
The kobold is severely wounded.
You constrict the kobold, but do no damage.
You hit the kobold.
You kill the kobold!
The orc hits you with a whip.
* * * LOW HITPOINT WARNING * * *
You hit the adder but do no damage. You grab the adder. You squeeze the adder.
The adder is lightly wounded.
You constrict the adder. The adder bites you.
* * * LOW HITPOINT WARNING * * *
You hit the adder.
The adder is moderately wounded.
You constrict the adder. The orc hits you with a whip.
You die... ############# #oo@S........ #.##########. #

You could see an adder and 2 orcs.

Vanquished Creatures
  An orc priest (D:3)
  An adder (D:2)
  2 giant geckos (D:1)
  An ooze (D:2)
  2 orcs (D:3)
  6 hobgoblins
  A ball python (D:1)
  3 bats (D:2)
  A giant cockroach (D:1)
  3 giant newts
  4 goblins (D:1)
  6 kobolds
  4 rats
35 creatures vanquished.

Notes
Turn   | Place    | Note
--------------------------------------------------------------
     0 | D:1      | GlassGo, the Octopode Earth Elementalist, began the quest for the Orb.
     0 | D:1      | Reached XP level 1. HP: 11/11 MP: 3/3
   232 | D:1      | Reached XP level 2. HP: 15/17 MP: 4/4
   316 | D:1      | Found an iron altar of Okawaru.
  1004 | D:1      | Reached skill level 4 in Earth Magic
  1259 | D:2      | Found a stormy altar of Qazlal.
  1358 | D:2      | Reached XP level 3. HP: 12/21 MP: 6/6
  1585 | D:2      | Noticed Jessica
  2416 | D:3      | Reached skill level 5 in Earth Magic
  2416 | D:3      | Reached XP level 4. HP: 6/27 MP: 7/7
  2426 | D:3      | HP: 1/27 [adder (3)]
  2427 | D:3      | Slain by an orc

Action                   |  1- 3 |  4- 6 || total
-------------------------+-------+-------++-------
Melee: Dagger            |    77 |     8 ||    85
  Use: Potion            |       |     3 ||     3
 Stab: Sleeping          |     5 |       ||     5
  Eat: Chunk             |     4 |       ||     4
